 Dungeon Sprint DCSS version 0.31-a0-716-gc7603755dd (webtiles) character file.

Game seed: 16891764147664161369

138 rocky1 the Slasher (level 5, -8/43 HPs)
             Began as a Djinni Gladiator on Sept 11, 2023.
             Mangled by a shadow (11 damage)
             ... in the Dungeon (Sprint III: "The Ten Rune Challenge").
             The game lasted 00:00:53 (444 turns).

rocky1 the Slasher (Djinni Gladiator)                Turns: 444, Time: 00:00:53

Health: -8/43      AC:  4    Str: 13    XL:     5   Next: 45%
Gold:   11         EV: 14    Int: 10    God:
                   SH:  0    Dex: 16

rFire   + + .        a - +0 long sword
rCold   x . .        (no shield)
rNeg    . . .        b - +0 leather armour
rPois   ∞            c - +0 helmet
rElec   .            (no cloak)
rCorr   .            (no gloves)
SInv    .            (boots unavailable)
Will    .....        (no amulet)
Stlth   +            (no ring)
HPRegen 0.27/turn    (no ring)
MPRegen 0.00/turn

%: no teleportation, infuse magic (-9 HP)
@: flying
A: sickness immunity, fire resistance 2, cold vulnerability 1, float, innate
caster, HP casting, extra vitality 1
a: no special abilities


You were in the Dungeon.
You visited 1 branch You collected 11 gold pieces.

Inventory:

Hand Weapons
 a - a +0 long sword (weapon)
Missiles
 d - 3 throwing nets (quivered)
 e - a javelin
Armour
 b - a +0 leather armour (worn)
 c - a +0 helmet (worn)
Scrolls
 j - a scroll of blinking
 l - 2 scrolls of torment {unknown}
 m - 3 scrolls of identify
Potions
 f - a potion of curing
 g - a potion of heal wounds
 h - 2 potions of haste
 k - 6 potions of mutation
 n - 3 potions of enlightenment


   Skills:
 + Level 5.3 Fighting
 * Level 7.0 Long Blades
 - Level 1.5 Throwing
 + Level 6.3 Dodging


You knew the following spells:

 Your Spells              Type           Power      Damage    Failure   Level
a - Sandblast             Erth           0%         2d4       43%         1
b - Call Imp              Summ           0%         N/A       58%         2
Your spell library was empty.

Dungeon Overview and Level Annotations

Branches:
Dungeon (1/1)

Altars:


Innate Abilities, Weirdness & Mutations

You are immune to sickness and miasma.
You are immune to poison.
Your flesh is very heat resistant. (rF++)
You are vulnerable to cold. (rC-)
You float through the air rather than walking.
You learn spells naturally, not from books.
Your magical power is your life essence.
You have superior vitality. (+4 MHP)


Message History

You closely miss the shadow.
The shadow is lightly damaged.
The shadow barely misses you.
You barely miss the shadow.
The shadow is lightly damaged.
The shadow hits you.
You closely miss the shadow.
The shadow is lightly damaged.
The shadow closely misses you.
You closely miss the shadow.
The shadow is lightly damaged.
The shadow hits you.
You hit the shadow but do no damage.
The shadow is lightly damaged.
The shadow hits you.
You barely miss the shadow.
The shadow is lightly damaged.
The shadow hits you.
You hit the shadow.
The shadow is lightly damaged.
The shadow misses you.
You hit the shadow but do no damage.
The shadow is lightly damaged.
The shadow slips into darkness.
The shadow flickers and vanishes!
Deactivating autopickup; reactivate with Ctrl-A.
You hit something.
The shadow strikes at you from the darkness!
Ouch! That really hurt!
Reactivating autopickup.
You hit the shadow.
The shadow is moderately damaged.
The shadow hits you.
* * * LOW HITPOINT WARNING * * *
The shadow hits you!
* * * LOW HITPOINT WARNING * * *
You hit the shadow.
The shadow is moderately damaged.
The shadow hits you!
You die...

▓▓▓ ♣♣ ♣.# .♣ ♣.#
♣♣ ♣♣.#
♣♣♣♣..###+#+###+##
.♣..♣.#..........#
~..♣♣.'.⌠........#
~~~♣..#...######@#
~~....#.⌠.# #.W.#
~.....#...# #...#
......#+### #...#
......# #...+
......# +...#
▓▓▓▓▓▓▓ ▓▓▓▓▓


You could see a shadow.

Vanquished Creatures
  A water elemental (D)
  A jelly (D)
  Jessica (D)
  A human (D)
  A phantom (D)
  2 endoplasms (D)
7 creatures vanquished.

Notes
Turn   | Place    | Note
-------+----------+-------------------------------------------
     0 | D        | rocky1 the Djinni Gladiator began the quest for the Orb.
     0 | D        | Reached XP level 1. HP: 18/18 MP: 0/0
     5 | D        | Reached skill level 3 in Long Blades
    12 | D        | Noticed Jessica
    17 | D        | Killed Jessica
    18 | D        | Reached skill level 4 in Long Blades
    18 | D        | Reached XP level 2. HP: 16/25 MP: 0/0
    18 | D        | Reached XP level 3. HP: 19/30 MP: 0/0
    18 | D        | Learned a level 1 spell: Sandblast
   281 | D        | Reached skill level 5 in Long Blades
   281 | D        | Reached skill level 5 in Dodging
   281 | D        | Reached XP level 4. HP: 28/37 MP: 0/0
   324 | D        | Noticed a water elemental
   329 | D        | Killed a water elemental
   330 | D        | Reached skill level 6 in Long Blades
   330 | D        | Reached XP level 5. HP: 42/42 MP: 0/0
   330 | D        | Learned a level 2 spell: Call Imp
   416 | D        | Reached skill level 5 in Fighting
   416 | D        | Reached skill level 7 in Long Blades
   431 | D        | Noticed a shadow
   444 | D        | Mangled by a shadow

Illustrated notes

Levels and vault maps discovered:
D:        dungeon_sprint_mu [sprint_mu_entry_forest, sprint_mu_temple_rooms,
          sprint_mu_d1_spiders, sprint_mu_d2_genie, sprint_mu_d3_branching,
          sprint_mu_orc_legion, sprint_mu_elf_gauntlet, sprint_mu_hive_nellie,
          sprint_mu_lair_fedhas, sprint_mu_vaults_butterflies,
          sprint_mu_slime_circle, sprint_mu_swamp_cave, sprint_mu_snake_twists,
          sprint_mu_blade_basic, sprint_mu_crypt_chambers,
          sprint_mu_tomb_spiral, sprint_mu_vestibule_basic,
          sprint_mu_gehenna_hellfire, sprint_mu_dis_giant,
          sprint_mu_tartarus_statrot, sprint_mu_cocytus_islands, sprint_mu_zot1]

Skill      XL: |  1  2  3  4  5 |
---------------+----------------+-----
Long Blades    | 4 5 6 7 |  7.0
Fighting       | 3 4 5 |  5.3
Dodging        | 4 5 6 |  6.3
Throwing       | |  1.5

Action                     |  1- 3 |  4- 6 || total
---------------------------+-------+-------++-------
  Melee: Long sword        |    26 |    20 ||    46
    Use: Potion            |       |     1 ||     1
   Stab: Sleeping          |     1 |       ||     1
 Armour: Leather armour    |    10 |    10 ||    20
  Dodge: Dodged            |    12 |     7 ||    19

Table legend: (Time is in decaauts)
 A = Elapsed time spent in this place.
 B = Non-inter-level travel time spent in this place.
 C = Inter-level travel time spent in this place.
 D = Time resting spent in this place.
 E = Time spent auto-exploring this place.
 F = Levels seen in this place.
 G = Mean time per level.
                   A        B        C        D        E       F      G
               +--------+--------+--------+--------+--------+-----+--------+
         Total |    464 |    464 |      0 |    315 |      0 |   1 |  464.0 |
       Dungeon |    464 |    464 |      0 |    315 |      0 |   1 |  464.0 |
               +--------+--------+--------+--------+--------+-----+--------+

Top non-repeatable levels by time:
       D: 464 daAuts
